 Dungeon Crawl Stone Soup version 0.19.1 (webtiles) character file.

11143 sveltemanboy the Summoner (level 11, 0/72 HPs)
             Began as a Mummy Summoner on Dec 10, 2016.
             Was the Champion of Cheibriados.
             Slain by a seven-headed hydra (9 damage)
             ... on level 1 of the Lair of Beasts.
             The game lasted 00:42:09 (13057 turns).

sveltemanboy the Summoner (Mummy Summoner)         Turns: 13057, Time: 00:42:10

Health: 0/72       AC: 14    Str: 27    XL:     11   Next: 45%
Magic:  0/14       EV: 12    Int: 36    God:    Cheibriados [******]
Gold:   787        SH:  0    Dex: 28    Spells: 4 memorised, 1 level left

rFire  x . .     SeeInvis .     y - +2 morningstar (drain)
rCold  + . .     Gourm    .     d - +1 chain mail "Besaaph" {Int+4 Slay+5}
rNeg   + + +     Faith    .     (no shield)
rPois  ∞         Spirit   +     A - +0 hat {Spirit}
rElec  .         Reflect  .     w - +2 cloak
rCorr  .         Harm     .     (no gloves)
MR     +....                    (no boots)
Stlth  ..........               (no amulet)
                                (no ring)
                                v - ring of flight

@: very slow
A: no food or potions, fire vulnerability, cold resistance 1, negative energy
resistance 3, torment resistance, unbreathing
a: Bend Time, Temporal Distortion, Slouch, Step From Time, Renounce Religion,
Evoke Flight


You were on level 1 of the Lair of Beasts.
You worshipped Cheibriados.
Cheibriados was exalted by your worship.
You were not hungry.

You visited 2 branches of the dungeon, and saw 12 of its levels.
You also visited: Sewer and Ossuary.

You collected 809 gold pieces.
You spent 22 gold pieces at shops.

Inventory:

Hand Weapons
 y - a +2 morningstar of draining (weapon)
Missiles
 r - 5 javelins of penetration (quivered)
Armour
 d - the +1 chain mail "Besaaph" (worn) {Int+4 Slay+5}
   (You took it off an orc priest on level 8 of the Dungeon)

   It affects your intelligence (+4).
   It affects your accuracy and damage with ranged weapons and melee attacks
   (+5).
 w - a +2 cloak (worn)
 A - a +0 hat of spirit shield (worn)
 C - a +0 buckler
Jewellery
 v - a ring of flight (left hand)
Wands
 c - a wand of flame (26/48)
 k - a wand of disintegration (14/24)
 l - a wand of confusion (31/48)
 q - a wand of confusion (19/48)
 s - a wand of acid (9/15)
 t - a wand of flame (27/48)
 x - a wand of lightning (9/15)
Scrolls
 a - 3 scrolls of amnesia
 f - 2 scrolls of enchant weapon
 g - 5 scrolls of remove curse
 h - a scroll of fear
 i - a scroll of blinking
 j - 7 scrolls of teleportation
 n - 2 scrolls of enchant armour
 z - a scroll of fog
 D - a scroll of recharging
Books
 e - a book of Beasts

   Spells                             Type                      Level
   a - Summon Butterflies             Summoning                    1
   b - Call Canine Familiar           Summoning                    3
   c - Summon Ice Beast               Ice/Summoning                4
   d - Summon Mana Viper              Hexes/Summoning              5
   e - Summon Hydra                   Summoning                    7


   Skills:
 - Level 2.0 Fighting
 - Level 6.1 Maces & Flails
 - Level 5.5 Armour
 - Level 4.4 Dodging
 - Level 1.5 Stealth
 + Level 3.5 Shields
 - Level 2.0 Spellcasting
 + Level 10.2 Summonings
 - Level 2.0 Ice Magic
 - Level 2.0 Air Magic
 - Level 5.3 Invocations


You had one spell level left.
You knew the following spells:

 Your Spells              Type           Power        Failure   Level  Hunger
a - Summon Lightning Spi  Summ/Air       #####...     24%         4    N/A
b - Call Imp              Summ           ######..     1%          2    N/A
c - Call Canine Familiar  Summ           ######..     1%          3    N/A
d - Summon Ice Beast      Ice/Summ       #####...     24%         4    N/A

Dungeon Overview and Level Annotations

Branches:
Dungeon (11/15)            Temple (0/1) D:5            Lair (1/6) D:10
    Orc (0/2) D:10

Altars:
Cheibriados
Dithmenos
Elyvilon
Nemelex Xobeh
Okawaru
The Shining One
Beogh

Shops:
D:4 }   D:5 (*:   D:11 (


Innate Abilities, Weirdness & Mutations

You do not eat or drink.
Your flesh is vulnerable to fire.
You are immune to poison.
Your flesh is cold resistant. (rC+)
You are immune to negative energy. (rN+++)
You are immune to unholy pain and torment.
You can survive without breathing.


Message History

The seven-headed hydra bites you.
The seven-headed hydra bites you but does no damage.
The seven-headed hydra barely misses you.
The seven-headed hydra bites you!
* * * LOW HITPOINT WARNING * * *
The seven-headed hydra barely misses you.
The seven-headed hydra bites you.
* * * LOW HITPOINT WARNING * * *
The seven-headed hydra bites you.
* * * LOW HITPOINT WARNING * * *
Your ice beast hits the yak but does no damage.
You swap places.
The yak closely misses your ice beast.
Your crimson imp blinks!
Your crimson imp completely misses the yak.
Your ice beast hits the seven-headed hydra.
Your ice beast freezes the seven-headed hydra!!
The yak misses your ice beast.
The seven-headed hydra bites you but does no damage.
The seven-headed hydra bites you!
You die...

.^....P#
##...##
....####
#...!#
....#
##...##
..#.#
#....# .
.####
##...## ..
## #....##
... #
##....#....
#.........
##@Y.#....
#DY......
#.#.5.....
## .......
#......
..5...
......
......
#....


You could see a seven-headed hydra, a yak, a friendly ice beast and 2 friendly
crimson imps.

Vanquished Creatures
  Sonja (D:10)
  3 hill giants
  A cyclops (D:11)
  A gargoyle (D:11)
  A spiny frog (Lair:1)
  A hippogriff (Lair:1)
  5 spriggans (D:10)
  6 yaks (Lair:1)
  2 soldier ants (D:9)
  3 water moccasins (Lair:1)
  2 ice beasts
  A black bear (D:6)
  A sky beast (D:11)
  3 orc warriors
  A phantom (D:5)
  4 ogres
  A centaur (D:10)
  A big kobold (Sewer)
  A gnoll sergeant (D:11)
  6 bullfrogs
  3 water moccasin zombies
  3 jellies
  A scorpion (D:9)
  A wyvern skeleton (D:11)
  4 killer bees (D:10)
  2 crimson imps
  4 hounds
  4 orc priests
  6 orc wizards
  A centaur skeleton (D:6)
  A gnoll shaman (D:9)
  2 iguanas
  9 worker ants
  2 big kobold zombies (Ossuary)
  2 mummies (Ossuary)
  Robin (D:3)
  A howler monkey zombie (D:11)
  6 gnolls
  2 howler monkey skeletons (D:10)
  10 adders
  2 river rats (Sewer)
  3 shadow imps
  6 adder zombies (Ossuary)
  5 oozes
  An adder skeleton (D:8)
  2 worms
  2 dart slugs (D:2)
  5 leopard geckos
  20 orcs
  3 ball pythons
  9 giant cockroaches
  4 gnoll zombies (Ossuary)
  7 hobgoblins
  13 jackals
  2 quokkas
  2 bats
  A frilled lizard (D:2)
  9 goblins
  A goblin skeleton (D:9)
  8 hobgoblin zombies
  10 kobolds
  A kobold skeleton (D:9)
  2 kobold zombies
  An orc skeleton (D:9)
  3 orc zombies
  15 rats
247 creatures vanquished.

Vanquished Creatures (collateral kills)
  The ghost of Shufflesack the Devastator, a journeyman DECj of Vehumet (D:11)
  A hill giant (D:10)
  A cyclops (D:11)
  A manticore (D:11)
  2 hippogriffs
  Sigmund (D:4)
  2 spriggans (D:10)
  A shadow (D:11)
  2 yaks (Lair:1)
  A wyvern (D:8)
  A hungry ghost (D:8)
  4 sky beasts
  A black bear (D:11)
  A phantom (D:10)
  3 ogres
  2 big kobolds (Sewer)
  4 bullfrogs
  3 scorpions
  2 killer bees (D:10)
  7 howler monkeys
  A jelly (D:7)
  2 centaur zombies
  3 crimson imps
  A hound (D:5)
  A bullfrog zombie (D:7)
  Crazy Yiuf (D:7)
  A centaur skeleton (D:8)
  5 orc priests
  Jessica (D:3)
  4 orc wizards
  4 worker ants
  A hound skeleton (D:7)
  4 adders
  A gnoll (D:11)
  5 river rats (Sewer)
  3 adder zombies (Ossuary)
  A dart slug (D:2)
  A leopard gecko (D:1)
  24 orcs
  3 ball pythons (Sewer)
  2 giant cockroaches (D:3)
  9 goblins
  A hobgoblin (D:3)
  4 bats
  5 hobgoblin zombies
  9 kobolds (Sewer)
  A leopard gecko skeleton (D:4)
  11 rats (Sewer)
150 creatures vanquished.

Grand Total: 397 creatures vanquished

Notes
Turn   | Place    | Note
-------+----------+-------------------------------------------
     0 | D:1      | sveltemanboy the Mummy Summoner began the quest for the Orb.
     0 | D:1      | Reached XP level 1. HP: 13/13 MP: 3/3
     1 | D:1      | Found a runed door.
   474 | D:1      | Reached XP level 2. HP: 19/19 MP: 5/5
   770 | D:1      | Reached skill level 1 in Armour
   770 | D:1      | Reached XP level 3. HP: 23/24 MP: 6/6
   827 | D:1      | Learned a level 2 spell: Call Imp
   831 | D:1      | Learned a level 3 spell: Call Canine Familiar
   858 | D:1      | Reached skill level 4 in Summonings
  1411 | D:2      | Reached XP level 4. HP: 30/30 MP: 7/7
  1482 | D:2      | Found a snail-covered altar of Cheibriados.
  1542 | D:2      | Found a shadowy altar of Dithmenos.
  1573 | D:2      | Became a worshipper of Cheibriados the Contemplative
  1622 | D:2      | Reached skill level 1 in Maces & Flails
  2203 | D:3      | Noticed Robin
  2220 | D:3      | Reached * piety under Cheibriados
  2251 | D:3      | Killed Robin
  2251 | D:3      | Reached XP level 5. HP: 17/35 MP: 0/8
  2437 | D:3      | Noticed Jessica
  2446 | D:3      | Killed Jessica
  2470 | D:3      | Found a glowing drain.
  2484 | D:3      | Reached ** piety under Cheibriados
  2487 | Sewer    | Entered a sewer
  2581 | Sewer    | Reached skill level 5 in Summonings
  2698 | Sewer    | Reached skill level 1 in Fighting
  2698 | Sewer    | Reached XP level 6. HP: 15/43 MP: 1/9
  3115 | Sewer    | Reached *** piety under Cheibriados
  3615 | D:3      | Found a roughly hewn altar of Beogh.
  3642 | D:3      | Reached skill level 6 in Summonings
  4042 | D:4      | Noticed Sigmund
  4047 | D:4      | Killed Sigmund
  4047 | D:4      | Reached **** piety under Cheibriados
  4047 | D:4      | Reached XP level 7. HP: 45/50 MP: 0/10
  4051 | D:4      | Reached skill level 1 in Invocations
  4303 | D:4      | Found Wycemyxuid's Gadget Emporium.
  4798 | D:5      | Entered Level 5 of the Dungeon
  4943 | D:5      | Found Satitu's Weapon Emporium.
  4982 | D:5      | Found a sparkling altar of Nemelex Xobeh.
  5115 | D:5      | Found a staircase to the Ecumenical Temple.
  5172 | D:5      | Reached skill level 7 in Summonings
  5498 | D:5      | Reached XP level 8. HP: 51/56 MP: 7/11
  5579 | D:5      | Found Yddarchu's General Store.
  5584 | D:5      | Bought a cursed -4 ring of evasion for 22 gold pieces
  5672 | D:5      | Found Mudoup's Book Boutique.
  6073 | D:6      | Learned a level 4 spell: Summon Ice Beast
  6106 | D:6      | Reached ***** piety under Cheibriados
  6166 | D:6      | Found a sand-covered staircase.
  6171 | Ossuary  | Entered an ossuary
  6345 | Ossuary  | Reached skill level 8 in Summonings
  6968 | D:6      | Reached skill level 1 in Ice Magic
  7360 | D:7      | Reached XP level 9. HP: 59/61 MP: 12/12
  7415 | D:7      | Found a runed door.
  7419 | D:7      | Noticed Crazy Yiuf
  7428 | D:7      | Killed Crazy Yiuf
  8312 | D:8      | Reached skill level 9 in Summonings
  8342 | D:8      | Reached skill level 5 in Invocations
  8465 | D:8      | Reached ****** piety under Cheibriados
  8820 | D:8      | Got an ichor-stained chain mail
  8891 | D:8      | Identified the +1 chain mail "Besaaph" {Int+4 Slay+5} (You took it off an orc priest on level 8 of the Dungeon)
  9231 | D:9      | Found a glowing golden altar of the Shining One.
  9591 | D:9      | Reached skill level 10 in Summonings
  9632 | D:9      | Found an iron altar of Okawaru.
  9632 | D:9      | Found a white marble altar of Elyvilon.
  9685 | D:10     | Entered Level 10 of the Dungeon
  9685 | D:10     | Noticed Nergalle
  9688 | D:10     | Noticed a spectral orc warlord
  9694 | D:10     | Noticed a spectral orc warlord
  9890 | D:10     | Reached XP level 10. HP: 67/67 MP: 13/13
 10190 | D:10     | Noticed a hill giant
 10202 | D:10     | Killed a hill giant
 10296 | D:10     | Noticed Sonja
 10309 | D:10     | Killed Sonja
 10474 | D:10     | Noticed a hill giant
 10482 | D:10     | Killed a hill giant
 10574 | D:10     | Reached skill level 5 in Maces & Flails
 10579 | D:10     | Noticed a hill giant
 10590 | D:10     | Killed a hill giant
 10649 | D:10     | Found a roughly hewn altar of Beogh.
 10649 | D:10     | Found a staircase to the Orcish Mines.
 10777 | D:10     | Found a staircase to the Lair.
 10787 | D:10     | Identified a scroll of acquirement
 10791 | D:10     | Got a citrine-encrusted plate armour
 10792 | D:10     | Identified the +7 plate armour of Vanity {Dex+4} (You acquired it on level 10 of the Dungeon)
 11064 | D:11     | Found Ykadgh's Antique Weapon Emporium.
 11064 | D:11     | Noticed a cyclops
 11083 | D:11     | Noticed Shufflesack's ghost (journeyman DECj)
 11094 | D:11     | Killed Shufflesack's ghost
 11094 | D:11     | Reached skill level 5 in Armour
 11094 | D:11     | Reached skill level 1 in Shields
 11222 | D:11     | Reached XP level 11. HP: 67/72 MP: 14/14
 11771 | D:11     | Noticed a hill giant
 11778 | D:11     | Killed a hill giant
 11933 | D:11     | Learned a level 4 spell: Summon Lightning Spire
 12397 | Lair:1   | Entered Level 1 of the Lair of Beasts
 12402 | Lair:1   | Reached skill level 1 in Air Magic
 13050 | Lair:1   | Noticed a seven-headed hydra
 13057 | Lair:1   | Slain by a seven-headed hydra

Skill      XL: |  1  2  3  4  5  6  7  8  9 10 11 |
---------------+----------------------------------+-----
Armour         | 1 2 5 |  5.5
Summonings     | 4 5 6 7 8 10 | 10.2
Maces & Flails | 1 2 3 5 6 |  6.1
Fighting       | 1 2 |  2.0
Invocations    | 2 4 5 |  5.3
Ice Magic      | 2 |  2.0
Dodging        | 4 |  4.4
Shields        | 1 3 |  3.5
Air Magic      | 2 |  2.0
Stealth        | |  1.5
Spellcasting   | |  2.0

Action                   |  1- 3 |  4- 6 |  7- 9 | 10-12 || total
-------------------------+-------+-------+-------+-------++-------
Melee: Mace              |   116 |   224 |   318 |       ||   658
       Unarmed           |     9 |       |       |       ||     9
       Morningstar       |       |       |   102 |   174 ||   276
Throw: Javelin           |       |       |    15 |     2 ||    17
 Cast: Summon Small Mamm |     6 |     2 |       |     4 ||    12
       Call Canine Famil |       |    18 |    30 |    19 ||    67
       Call Imp          |       |    20 |    43 |    38 ||   101
       Summon Ice Beast  |       |       |       |     1 ||     1
  Use: Scroll            |       |     7 |       |    12 ||    19
 Stab: Sleeping          |       |     2 |     5 |       ||     7
       Distracted        |       |       |     5 |     2 ||     7
Armor: Robe              |    25 |       |       |       ||    25
       Leather armour    |    22 |    89 |   186 |       ||   297
       Chain mail        |       |       |    48 |   101 ||   149
       Skin              |       |       |     1 |       ||     1
Dodge: Dodged            |    85 |   177 |   294 |   128 ||   684
